 Dungeon Crawl Stone Soup version 0.29-a0-838-g385bb11a5b (webtiles) character file.

Game seed: 1336335164914857636

364 gruber the Destroyer (level 6, 0/32 HPs)
             Began as a Tengu Conjurer on July 13, 2022.
             Slain by a kobold brigand
             ... wielding a +0 short sword of venom
              (5 damage)
             ... in a sewer.
             The game lasted 00:02:00 (2928 turns).

gruber the Destroyer (Tengu Conjurer)               Turns: 2928, Time: 00:02:00

Health: 0/32       AC:  2    Str:  7    XL:     6   Next: 67%
Magic:  10/13      EV: 14    Int: 20    God:
Gold:   44         SH:  0    Dex: 13    Spells: 10/13 levels left

rFire   . . .      SeeInvis .   g - +1 dagger (venom)
rCold   . . .      Faith    .   (no shield)
rNeg    . . .      Spirit   .   a - +0 robe
rPois   .          Reflect  .   (helmet restricted)
rElec   .          Harm     .   (no cloak)
rCorr   .          Rampage  .   (no gloves)
Will    .....                   (boots unavailable)
Stlth   ++........              (no amulet)
HPRegen 0.10/turn               (no ring)
MPRegen 0.13/turn               (no ring)

@: lethally poisoned (0 -> -12), flying quickly and evasively, slowed, very slow
A: beak, talons 3, nimble flight
a: no special abilities


You were in a sewer.
You visited 1 branch of the dungeon, and saw 3 of its levels.
You also visited: Sewer.

You collected 44 gold pieces.

Inventory:

Hand Weapons
 g - a +1 dagger of venom (weapon)
Armour
 a - a +0 robe (worn)
Wands
 i - a wand of paralysis (3)
Scrolls
 d - a scroll of identify {unknown}
 f - 2 scrolls of magic mapping {unknown}
 j - a scroll of noise {unknown}
 l - 3 scrolls of silence {unknown}
 m - a scroll of summoning {unknown}
Potions
 b - 3 potions of magic
 c - a potion of heal wounds {unknown}
 e - a potion of brilliance {unknown}
 h - a potion of berserk rage {unknown}
 k - a potion of curing {unknown}


   Skills:
 - Level 2.1 Dodging
 - Level 2.0 Stealth
 + Level 4.0 Spellcasting
 + Level 8.8 Conjurations


You had 10 spell levels left.
You knew the following spells:

 Your Spells              Type           Power      Damage    Failure   Level
a - Magic Dart            Conj           100%       1d8       1%          1
b - Searing Ray           Conj           78%        2d7       1%          2

Your spell library contained the following spells:

 Spells                   Type           Power      Damage    Failure   Level
 Dazzling Flash           Conj/Hex       42%        N/A       6%          3
 Mephitic Cloud           Conj/Pois/Air  15%        N/A       12%         3
 Call Imp                 Summ           4%         N/A       19%         2
 Fulminant Prism          Conj/Hex       10%        3d9       21%         4
 Iskenderun's Mystic Bla  Conj/Tloc      21%        2d6       21%         4


Dungeon Overview and Level Annotations

Branches:
Dungeon (3/15)              Sewer (1/1)

Altars:


Innate Abilities, Weirdness & Mutations

You have a beak for a mouth.
You have claws for feet.
Your magical nature lets you fly swiftly and evasively.


Message History

The endoplasm is almost dead.
You can't see any susceptible monsters within range! (Use Z to cast anyway.)
You can't see any susceptible monsters within range! (Use Z to cast anyway.)
You can't see any susceptible monsters within range! (Use Z to cast anyway.)
You hear a splashing noise.
You hear a splashing noise.
You reach down and open the large door.
A kobold brigand and a kobold come into view.
The kobold brigand is wielding a +0 short sword of venom and quivering curare-tipped darts.
Found an emerald potion and a long sword.
Found a gate leading back out of this place.
The magic dart hits the kobold brigand but does no damage.
The kobold brigand shouts!
The kobold brigand throws a curare-tipped dart.
The curare-tipped dart hits you.
You are poisoned.
You have difficulty breathing.
You feel yourself slow down.
There are monsters nearby!
The magic dart hits the kobold brigand.
The kobold brigand is lightly wounded.
You feel very sick.
There are monsters nearby!
The magic dart hits the kobold brigand.
The kobold brigand is moderately wounded.
You feel very sick.
The kobold brigand hits you with a +0 short sword of venom.
You are lethally poisoned!
The kobold brigand closely misses you.
There is a lethal amount of poison in your body!
You are too injured to fight recklessly!
You are too injured to fight recklessly!
Unknown command.
Unknown command.
* * * LOW HITPOINT WARNING * * *
You feel very sick.
* * * LOW HITPOINT WARNING * * *
You feel very sick. The kobold misses you.
The kobold brigand hits you with a +0 short sword of venom.
You die...

##### ### .....##.#
........########
........@K#...)#####
.........K'....#.∩.#
....≈≈P≈..'..∩.#.∩.#
....≈P≈≈P.#.!..#...#
######≈≈########'###
≈≈≈≈≈≈≈≈≈≈≈≈≈≈≈≈≈≈≈#
≈≈≈≈≈≈≈≈≈≈≈≈≈≈≈≈≈≈≈#
≈≈≈≈≈≈≈≈≈≈≈≈≈≈≈≈≈≈≈#
≈≈≈#################


You could see a kobold brigand and a kobold.

Vanquished Creatures
  Sigmund (D:2)
  An orc priest (D:3)
  Jessica (D:2)
  An orc wizard (D:3)
  3 adders
  A dart slug (D:1)
  8 orcs (D:3)
  4 endoplasms
  2 giant cockroaches (D:1)
  11 goblins
  3 hobgoblins (D:1)
  3 jackals (D:2)
  2 quokkas (D:1)
  7 ball pythons
  6 bats
  5 frilled lizards
  6 kobolds
  11 rats
76 creatures vanquished.

Vanquished Creatures (others)
  A plant (Sewer)
1 creature vanquished.

Grand Total: 77 creatures vanquished

Notes
Turn   | Place    | Note
-------+----------+-------------------------------------------
     0 | D:1      | gruber the Tengu Conjurer began the quest for the Orb.
     0 | D:1      | Reached XP level 1. HP: 10/10 MP: 4/4
   166 | D:1      | Reached XP level 2. HP: 13/15 MP: 0/6
   314 | D:1      | Reached skill level 6 in Conjurations
   537 | D:1      | Learned a level 2 spell: Searing Ray
   615 | D:1      | Reached XP level 3. HP: 19/19 MP: 5/7
  1407 | D:2      | Noticed Sigmund
  1842 | D:2      | Reached XP level 4. HP: 24/24 MP: 4/8
  1880 | D:2      | Noticed Jessica
  1882 | D:2      | Killed Jessica
  1883 | D:2      | Reached skill level 7 in Conjurations
  1976 | D:2      | Killed Sigmund
  1977 | D:2      | Reached skill level 8 in Conjurations
  1977 | D:2      | Gained mutation: Your magical nature lets you fly swiftly
                  | and evasively. [Tengu growth]
  1977 | D:2      | Reached XP level 5. HP: 28/28 MP: 2/11
  1977 | D:2      | Reached XP level 6. HP: 32/32 MP: 2/12
  2859 | D:3      | Found a glowing drain.
  2880 | Sewer    | Entered a sewer
  2928 | Sewer    | Slain by a kobold brigand

Illustrated notes

Levels and vault maps discovered:
D:1:      psy_arrival_terrarium, layout_loops_ring, patterned_corridor
D:2:      layout_loops_ring, uniq_jessica, uniq_sigmund
D:3:      layout_loops_ring, hellmonk_ecumenical_altar_inner_sanctum,
          cheibrodos_sewer_entry_sluice
Sewer:    kennysheep_pipe_town

Skill      XL: |  1  2  3  4  5  6 |
---------------+-------------------+-----
Conjurations   | 6 8 |  8.8
Spellcasting   | 3 4 |  4.0
Dodging        | |  2.1
Stealth        | |  2.0

Action                   |  1- 3 |  4- 6 || total
-------------------------+-------+-------++-------
Melee: Unarmed           |     5 |       ||     5
       Dagger            |       |     7 ||     7
       Kick              |       |     1 ||     1
 Cast: Magic Dart        |    80 |    51 ||   131
       Searing Ray       |       |     5 ||     5
Armor: Robe              |     4 |     1 ||     5
Dodge: Dodged            |     3 |     8 ||    11

Table legend: (Time is in decaauts)
 A = Elapsed time spent in this place.
 B = Non-inter-level travel time spent in this place.
 C = Inter-level travel time spent in this place.
 D = Time resting spent in this place.
 E = Time spent auto-exploring this place.
 F = Levels seen in this place.
 G = Mean time per level.
                   A        B        C        D        E       F      G
               +--------+--------+--------+--------+--------+-----+--------+
         Total |   2886 |   2812 |     74 |    149 |   2340 |   4 |  721.5 |
       Dungeon |   2838 |   2764 |     74 |    149 |   2302 |   3 |  946.0 |
         Sewer |     47 |     47 |      0 |      0 |     38 |   1 |   47.0 |
               +--------+--------+--------+--------+--------+-----+--------+

Top non-repeatable levels by time:
     D:1: 1334 daAuts
     D:2: 1029 daAuts
     D:3: 474 daAuts
   Sewer: 47 daAuts
